 Dungeon Crawl Stone Soup version 0.29.1-1-gd02db6906a (webtiles) character file.

Game seed: 3812288925571791207

58 vvl the Stinger (level 3, -4/25 HPs)
             Began as a Demonspawn Venom Mage on Oct 14, 2022.
             Slain by a goblin
             ... wielding a +0 club
             ... led by Robin
              (6 damage)
             ... on level 2 of the Dungeon.
             The game lasted 00:06:43 (1568 turns).

vvl the Stinger (Demonspawn Venom Mage)             Turns: 1568, Time: 00:06:43

Health: -4/25      AC: 12    Str:  8    XL:     3   Next: 76%
Magic:  6/6        EV: 12    Int: 18    God:
Gold:   99         SH:  0    Dex: 13    Spells: 5/6 levels left

rFire   . . .      SeeInvis .   m - +0 war axe
rCold   . . .      Faith    .   (no shield)
rNeg    + . .      Spirit   .   c - +2 robe {rN+}
rPois   .          Reflect  .   (no helmet)
rElec   .          Harm     .   (no cloak)
rCorr   .          Rampage  .   e - +0 pair of gloves
Will    .....                   p - +0 pair of boots
Stlth   ++........              d - amulet of magic regeneration
HPRegen 0.08/turn               (no ring)
MPRegen 0.50/turn               (no ring)

@: sanguine armoured, flying
A: sanguine armour 1
a: no special abilities


You were on level 2 of the Dungeon.
You visited 1 branch of the dungeon, and saw 3 of its levels.

You collected 99 gold pieces.

Inventory:

Hand Weapons
 g - a +0 short sword
 m - a +0 war axe (weapon)
Armour
 c - a +2 robe of positive energy (worn)
 e - a +0 pair of gloves (worn)
 p - a +0 pair of boots (worn)
Jewellery
 d - an amulet of magic regeneration (around neck)
Scrolls
 a - 4 scrolls of identify {unknown}
 f - a scroll of blinking {unknown}
 i - a scroll of teleportation {unknown}
 j - a scroll of summoning {unknown}
 n - a scroll of brand weapon {unknown}
 o - a scroll of fear {unknown}
Potions
 b - a potion of magic
 h - a potion of curing
 k - a potion of heal wounds {unknown}
 l - a potion of flight


   Skills:
 + Level 0.8 Fighting
 + Level 0.7 Armour
 - Level 2.0 Dodging
 - Level 2.0 Stealth
 + Level 2.3 Spellcasting
 + Level 1.3 Transmutations
 * Level 3.7 Poison Magic


You had 5 spell levels left.
You knew the following spells:

 Your Spells              Type           Power      Damage    Failure   Level
a - Sting                 Tmut/Pois      44%        1d5       6%          1

Your spell library contained the following spells:

 Spells                   Type           Power      Damage    Failure   Level
 Poisonous Vapours        Pois/Air       16%        N/A       12%         2
 Mephitic Cloud           Conj/Pois/Air  6%         N/A       32%         3
 Olgreb's Toxic Radiance  Pois           15%        N/A       36%         4


Dungeon Overview and Level Annotations

Branches:
Dungeon (3/15)

Altars:

Shops:
D:1 *(:=(

Annotations:
D:2 Robin


Innate Abilities, Weirdness & Mutations

When seriously injured, your blood forms armour. (AC +6)


Message History

A goblin comes into view. It is wielding a +0 club.
The endoplasm misses you.
You hear a shout!
Robin throws the goblin at you! The goblin barely misses you.
The goblin hits you but does no damage.
A hobgoblin comes into view.
The goblin hits you but does no damage. The hobgoblin hits you.
The goblin barely misses you.
A goblin comes into view. It is wielding a +0 dagger.
The goblin attacks as you move away! The goblin barely misses you.
The hobgoblin closely misses you.
You closely miss the goblin.
The endoplasm looks more healthy.
Robin says, "My army is invincible!"
Robin throws the goblin at you! The goblin hits you but does no damage.
The endoplasm freezes you.
You are frozen.
Your blood congeals into armour.
The hobgoblin hits you. The goblin closely misses you.
The goblin hits you but does no damage.
Your magical contamination has completely faded away.
There are monsters nearby!
m - a +0 war axe (weapon)
The goblin completely misses you. The goblin hits you but does no damage.
The endoplasm freezes you.
You are frozen.
* * * LOW HITPOINT WARNING * * *
The hobgoblin hits you.
* * * LOW HITPOINT WARNING * * *
The goblin hits you but does no damage. The goblin barely misses you.
It was a potion of curing.
You feel better. The goblin completely misses you.
The goblin hits you but does no damage. The endoplasm hits you.
* * * LOW HITPOINT WARNING * * *
The hobgoblin hits you.
* * * LOW HITPOINT WARNING * * *
The goblin hits you with a +0 dagger.
* * * LOW HITPOINT WARNING * * *
The goblin hits you with a +0 dagger.
* * * LOW HITPOINT WARNING * * *
It was a potion of flight.
You feel very buoyant.
You fly up into the air.
The goblin hits you with a +0 club.
You die... #..# #. ##.# # #.# #.# #.## .g #..# g.g

. ##.# .g.
..
##g###g###
#.
#g@gg....#
#
#gJg.....#
#.g......#
#........#
#........#
#........#
#.....$..#
##########


You could see Robin, an endoplasm, 2 hobgoblins and 5 goblins.

Vanquished Creatures
  2 adders (D:2)
  A dart slug (D:1)
  4 orcs (D:3)
  2 bats
  3 endoplasms
  2 goblins (D:2)
  5 hobgoblins
  2 quokkas (D:2)
  5 ball pythons
  2 frilled lizards
  2 kobolds (D:1)
  3 rats
33 creatures vanquished.

Notes
Turn   | Place    | Note
-------+----------+-------------------------------------------
     0 | D:1      | vvl the Demonspawn Venom Mage began the quest for the Orb.
     0 | D:1      | Reached XP level 1. HP: 13/13 MP: 3/3
     9 | D:1      | Found Zininosume's Antique Weapon Boutique.
   207 | D:1      | Reached skill level 1 in Transmutations
   377 | D:1      | Found Jipuigeloa's Book Shop.
   458 | D:1      | Gained mutation: When seriously injured, your blood forms
                  | armour. (AC +6) [demonic ancestry]
   458 | D:1      | Reached XP level 2. HP: 19/19 MP: 3/5
   462 | D:1      | Found Dautaf's Weapon Emporium.
   514 | D:1      | Found Ruaru's Assorted Antiques.
   559 | D:1      | Found Leptuid's Jewellery Shoppe.
   899 | D:2      | HP: 1/20 [endoplasm (2)]
  1132 | D:3      | Reached XP level 3. HP: 14/25 MP: 3/6
  1559 | D:2      | Noticed Robin
  1568 | D:2      | Slain by a goblin

Illustrated notes

Levels and vault maps discovered:
D:1:      amcnicky_arrival_underground_garden, layout_basic, serial_shops,
          nicolae_shop_bloodbath_and_beyond, shop, nicolae_shop_statue_plus,
          nicolae_diamond_shop, shop
D:2:      layout_rooms, uniq_robin
D:3:      layout_rooms, grunt_decor_mini_mirrors

Skill      XL: |  1  2  3 |
---------------+----------+-----
Transmutations | 1 |  1.3
Dodging        | 2 |  2.0
Stealth        | 2 |  2.0
Fighting       | |  0.8
Armour         | |  0.7
Spellcasting   | |  2.3
Poison Magic   | |  3.7

Action                   || total
-------------------------++-------
Melee: Unarmed           ||     6
       Short sword       ||    27
 Cast: Sting             ||    57
  Use: Potion            ||     2
Armor: Robe              ||    23
Dodge: Dodged            ||    38
